 Dungeon Crawl Stone Soup version 0.28.0 (webtiles) character file.

Game seed: 2746888134613177485

420 BeingJoeMalik the Spear-Bearer (level 6, 0/43 HPs)
             Began as a Merfolk Gladiator on Feb 18, 2022.
             Was a Follower of Hepliaklqana.
             Slain by a two-headed ogre (32 damage)
             ... on level 5 of the Dungeon.
             The game lasted 00:07:42 (3717 turns).

BeingJoeMalik the Spear-Bearer (Merfolk Gladiator)  Turns: 3717, Time: 00:07:43

Health: 0/43       AC:  5    Str: 14    XL:     6   Next: 94%
Magic:  6/6        EV: 13    Int: 10    God:    Hepliaklqana [*.....]
Gold:   246        SH:  0    Dex: 18    Spells: 5/5 levels left

rFire   . . .      SeeInvis +   a - +0 trident
rCold   . . .      Faith    .   (no shield)
rNeg    . . .      Spirit   .   b - +0 leather armour
rPois   +          Reflect  .   B - +1 helmet "Ydghauviu" {Rampage rPois Int+3}
rElec   .          Harm     .   (no cloak)
rCorr   .          Rampage  +   (no gloves)
Will    .....                   (no boots)
Stlth   +.........              (no amulet)
HPRegen 0.14/turn               e - ring of see invisible
MPRegen 0.10/turn               v - +4 ring of slaying

@: no status effects
A: reduced essence, (nimble swimmer 2), mertail
a: Renounce Religion, Recall Ancestor, Ancestor Identity


You were on level 5 of the Dungeon.
You worshipped Hepliaklqana.
Hepliaklqana was aware of your devotion.
You visited 1 branch of the dungeon, and saw 5 of its levels.
You also visited: Sewer.

You collected 246 gold pieces.

Inventory:

Hand Weapons
 a - a +0 trident (weapon)
Missiles
 d - 2 throwing nets
 r - 2 poisoned darts (quivered)
Armour
 b - a +0 leather armour (worn)
 c - a +0 helmet
 B - the +1 helmet "Ydghauviu" (worn) {Rampage rPois Int+3}
   (You found it on level 4 of the Dungeon)

   Int:       It affects your intelligence (+3).
   rPois:     It protects you from poison.
   Rampage:   It bestows one free step when moving towards enemies.
Jewellery
 e - a ring of see invisible (left hand)
 v - a +4 ring of slaying (right hand)
 E - a ring of protection from cold
 G - a ring of willpower
Wands
 m - a wand of polymorph (10)
 y - a wand of mindburst (39)
Scrolls
 f - a scroll of immolation {unknown}
 h - 2 scrolls of noise {unknown}
 k - 2 scrolls of enchant weapon {unknown}
 n - 2 scrolls of summoning {unknown}
 o - a scroll of amnesia {unknown}
 t - 2 scrolls of teleportation {unknown}
 u - a scroll of magic mapping {unknown}
 x - 2 scrolls of fear {unknown}
 D - a scroll of fog {unknown}
Potions
 g - 4 potions of heal wounds
 i - 2 potions of curing {unknown}
 j - a potion of flight {unknown}
 l - a potion of might {unknown}
 p - a potion of cancellation {unknown}
 q - 2 potions of berserk rage {unknown}
 s - a potion of degeneration {unknown}
 w - a potion of lignification {unknown}
 z - 2 potions of haste {unknown}
 A - a potion of resistance {unknown}
 C - a potion of brilliance {unknown}
 F - 2 potions of mutation {unknown}


   Skills:
 + Level 4.1 Fighting
 + Level 9.8 Polearms
 - Level 2.0 Throwing
 - Level 4.0 Dodging


You had 5 spell levels left.
You didn't know any spells.
Your spell library contained the following spells:

 Spells                   Type           Power      Damage    Failure   Level
 Animate Skeleton         Necr           0%         N/A       43%         1
 Magic Dart               Conj           0%         1d3       43%         1
 Pain                     Necr           0%         1d4       43%         1
 Call Imp                 Summ           0%         N/A       58%         2
 Mephitic Cloud           Conj/Pois/Air  0%         N/A       82%         3
 Vampiric Draining        Necr           0%         2d6       82%         3
 Olgreb's Toxic Radiance  Pois           0%         N/A       99%         4
 Ozocubu's Refrigeration  Ice            0%         4d5       100%        7
 Ignition                 Fire           0%         3d3       100%        8


Dungeon Overview and Level Annotations

Branches:
Dungeon (5/15)              Sewer (visited)
 Temple: D:4-7

Altars:
Ashenzari
Fedhas
Gozag
Hepliaklqana
Kikubaaqudgha
Makhleb
Nemelex Xobeh
Qazlal
Trog
Wu Jian

Shops:
D:1 ?


Innate Abilities, Weirdness & Mutations

Your life essence is reduced to manifest your ancestor. (-10% HP)
((You are very nimble when in or above water. (Stealth+, EV+, Speed+++)))
Your lower body shifts to a powerful aquatic tail in water.


Message History

You closely miss the jackal.
The jackal bites you but does no damage.
Minerva hits the jackal.
The jackal bites you but does no damage.
You puncture the jackal!
You kill the jackal!
The jackal bites you.
Minerva hits the jackal.
The jackal completely misses you.
You puncture the jackal!
You kill the jackal!
The jackal barely misses you. x2
You puncture the jackal!
You kill the jackal!
HP restored.
Things that are here:
a +0 flail; a jackal corpse; a jackal corpse A two-headed ogre comes into view.
It is wielding two +0 giant clubs.
You rampage towards the two-headed ogre!
You reach to attack!
The helpless two-headed ogre fails to defend itself.
You puncture the two-headed ogre!
The two-headed ogre is lightly wounded.
You reach to attack!
You hit the two-headed ogre.
The two-headed ogre is lightly wounded.
You hit the two-headed ogre.
The two-headed ogre is lightly wounded.
The two-headed ogre hits you with a +0 giant club!
The two-headed ogre completely misses you.
You swap places.
Minerva hits the two-headed ogre.
The two-headed ogre hits Minerva with a +0 giant club!!
Minerva is destroyed!
You reach to attack!
You hit the two-headed ogre.
The two-headed ogre is moderately wounded.
You reach to attack!
You hit the two-headed ogre.
The two-headed ogre is moderately wounded.
Things that are here:
a +0 flail; a jackal corpse; a jackal corpse The two-headed ogre hits you with a +0 giant club!!
Ouch! That really hurt!
You die...

### #. #.. ####.######.###
...#.#.. ....
...#.#.####.# ###########
...#........####.#..>....#
...#...........O.#.#####.#
#..#.....#######@#.# #.#
#.)#...#.# #.#R# #.#
#..#...#.# #...# #.#
.......#.# #####
#.######## ########.#
#......... ..# ##########
###


You could see a two-headed ogre.

Vanquished Creatures
  Pargi (Sewer)
  An ogre (D:4)
  A scorpion (D:4)
  A hound (D:5)
  6 adders
  3 worms
  An adder skeleton (D:4)
  A dart slug (D:3)
  3 orcs (D:3)
  4 endoplasms
  3 giant cockroaches
  10 goblins
  6 hobgoblins
  7 jackals
  12 kobolds
  5 quokkas
  6 ball pythons
  2 bats
  3 frilled lizards
  4 rats
80 creatures vanquished.

Vanquished Creatures (others)
  An ancestor (D:5)
  20 plants (D:5)
21 creatures vanquished.

Grand Total: 101 creatures vanquished

Notes
Turn   | Place    | Note
-------+----------+-------------------------------------------
     0 | D:1      | BeingJoeMalik the Merfolk Gladiator began the quest for the
                  | Orb.
     0 | D:1      | Reached XP level 1. HP: 16/16 MP: 1/1
    90 | D:1      | Reached skill level 5 in Polearms
    90 | D:1      | Reached XP level 2. HP: 23/23 MP: 2/2
   113 | D:1      | Found a faded altar of an unknown god.
   275 | D:1      | Found Ynas's Magic Scroll Shoppe.
   560 | D:2      | Reached XP level 3. HP: 28/28 MP: 3/3
   810 | D:2      | Reached skill level 6 in Polearms
   937 | D:2      | Reached XP level 4. HP: 17/34 MP: 4/4
  1676 | D:3      | Found an ancient bone altar of Kikubaaqudgha.
  1676 | D:3      | Found a stormy altar of Qazlal.
  1676 | D:3      | Found a burning altar of Makhleb.
  1688 | D:3      | Found a hazy altar of Hepliaklqana.
  1690 | D:3      | Found an opulent altar of Gozag.
  1693 | D:3      | Found a sparkling altar of Nemelex Xobeh.
  1694 | D:3      | Found a broken altar of Ashenzari.
  1696 | D:3      | Found a blossoming altar of Fedhas.
  1700 | D:3      | Found a bloodstained altar of Trog.
  1702 | D:3      | Found an ornate altar of the Wu Jian Council.
  1718 | D:3      | Became a worshipper of Hepliaklqana the Forgotten
  2079 | D:3      | Reached skill level 7 in Polearms
  2556 | D:4      | Reached XP level 5. HP: 41/41 MP: 5/5
  2589 | D:4      | Found a glowing drain.
  2593 | Sewer    | Entered a sewer
  2660 | Sewer    | Noticed Pargi
  2670 | Sewer    | Killed Pargi
  2671 | Sewer    | Reached skill level 8 in Polearms
  2671 | Sewer    | Reached XP level 6. HP: 41/48 MP: 6/6
  2929 | D:4      | Identified the +1 helmet "Ydghauviu" {Rampage rPois Int+3}
  3115 | D:4      | Reached skill level 9 in Polearms
  3254 | D:4      | Reached * piety under Hepliaklqana
  3556 | D:5      | Entered Level 5 of the Dungeon
  3680 | D:5      | Noticed a two-headed ogre
  3717 | D:5      | Slain by a two-headed ogre

Illustrated notes

Levels and vault maps discovered:
D:1:      lightli_arrival_quake, layout_rooms, serial_shops, shop,
          basic_ecumenical_altar
D:2:      layout_basic
D:3:      layout_loops_ring, nicolae_overflow_hallway_of_the_gods,
          minmay_misc_feat_five, chequers_mini_garden
D:4:      layout_cave_pods, gup_sewer_entry_spiral, kennysheep_generic_room_11
D:5:      layout_basic, minmay_temple_entry_junction, nicolae_grassy_gnolls

Skill      XL: |  1  2  3  4  5  6 |
---------------+-------------------+-----
Polearms       | 5 6 7 8 9 |  9.8
Fighting       | 3 4 |  4.1
Throwing       | |  2.0
Dodging        | |  4.0

Action                   |  1- 3 |  4- 6 || total
-------------------------+-------+-------++-------
Melee: Trident           |    99 |   144 ||   243
       Punch             |     2 |     1 ||     3
       Tailslap          |       |     1 ||     1
Throw: Throwing net      |     3 |     2 ||     5
       Dart              |       |     8 ||     8
Invok: Ancestor Identity |       |     1 ||     1
  Use: Potion            |       |     1 ||     1
 Stab: Sleeping          |     2 |    14 ||    16
       Distracted        |       |     1 ||     1
Armor: Leather armour    |    15 |    15 ||    30
Dodge: Dodged            |    55 |    57 ||   112
